 Dungeon Crawl Stone Soup version 0.31-a0-833-gc15d34cb79 (webtiles) character file.

Game seed: 8940601298026573300

7812 dinky3 the Covert (level 11, 0/47 (56) HPs)
             Began as a Spriggan Brigand on Sept 25, 2023.
             Was an Elder of Okawaru.
             Slain by a spectral wolf spider (1 damage)
             ... in a Gauntlet.
             The game lasted 00:17:32 (8120 turns).

dinky3 the Covert (Spriggan Brigand)                Turns: 8120, Time: 00:17:33

HP:   0/47 (56)     AC:  9    Str:  7    XL:     11   Next: 1%
MP:   15/17         EV: 20    Int: 12    God:    Okawaru [****..]
Gold: 392           SH:  0    Dex: 22    Spells: 12/17 levels left

rFire   . . .        a - +3 dagger (elec)
rCold   . . .        (no shield)
rNeg    . . .        J - +0 acid dragon scales
rPois   +            (helmet restricted)
rElec   .            P - +2 cloak
rCorr   +            (gloves unavailable)
SInv    +            (boots unavailable)
Will    ++...        x - amulet of regeneration
Stlth   +++++        B - +4 ring of slaying
HPRegen 1.07/turn    H - ring of poison resistance
MPRegen 0.15/turn

%: no teleportation
@: attractive, on blink cooldown, enlightened, flying, slowed, heavily drained,
quick
A: very small, no large weapons, unfitting armour, see invisible, speed 3
a: Renounce Religion, Heroism, Finesse


You were in a Gauntlet.
You worshipped Okawaru.
Okawaru was greatly pleased with you.
You visited 3 branches of the dungeon, and saw 12 of its levels.
You also visited: Gauntlet.

You collected 588 gold pieces.
You spent 196 gold pieces at shops.

Inventory:

Hand Weapons
 a - a +3 dagger of electrocution (weapon)
 D - a +1 dagger of protection
 I - a +4 short sword
Missiles
 d - 21 poisoned darts (quivered)
 e - 2 curare-tipped darts
 K - a throwing net
 L - 3 boomerangs
Armour
 c - a +0 cloak
 F - a scarf of harm
 J - +0 acid dragon scales (worn)
 N - a +2 robe of resistance
 P - a +2 cloak (worn)
Jewellery
 g - a ring of protection from fire
 i - a ring of flight
 j - an amulet of reflection
 x - an amulet of regeneration (around neck)
 z - a ring of fire
 B - a +4 ring of slaying (left hand)
 H - a ring of poison resistance (right hand)
 Q - the ring of the Tortoise {AC+8}
   (You found it in a Gauntlet)

   [ring of protection]

   AC+8:      It affects your AC (+8).
Wands
 h - a wand of digging (3)
 l - a wand of flame (11)
 q - a wand of iceblast (30)
 r - a wand of mindburst (4)
 s - a wand of polymorph (8)
 u - a wand of quicksilver (10)
 E - a wand of paralysis (16)
Scrolls
 b - a scroll of torment {unknown}
 k - 2 scrolls of teleportation
 n - 3 scrolls of silence
 o - a scroll of vulnerability
 w - 5 scrolls of noise
 y - 2 scrolls of fear
 G - 2 scrolls of fog
 O - a scroll of enchant armour {unknown}
Potions
 f - 2 potions of mutation
 m - a potion of invisibility
 p - a potion of lignification
 t - 3 potions of curing
 v - 2 potions of attraction
 A - a potion of enlightenment
 C - 2 potions of might {unknown}
 M - a potion of berserk rage {unknown}


   Skills:
 + Level 5.5 Fighting
 - Level 10.7 Short Blades
 - Level 2.0 Throwing
 + Level 6.6 Dodging
 - Level 11.6 Stealth
 + Level 3.9 Spellcasting
 + Level 8.3 Hexes
 - Level 3.0 Translocations
 + Level 4.5 Invocations


You had 12 spell levels left.
You knew the following spells:

 Your Spells              Type           Power      Damage    Failure   Level
a - Blink                 Tloc           18%        N/A       19%         2
b - Confusing Touch       Hex            22%        N/A       4%          3

Your spell library contained the following spells:

 Spells                   Type           Power      Damage    Failure   Level
 Slow                     Hex            88%        N/A       1%          1
 Sigil of Binding         Hex            22%        N/A       4%          3
 Ensorcelled Hibernation  Hex/Ice        24%        N/A       12%         2
 Shock                    Conj/Air       8%         1d3       41%         1
 Passwall                 Tmut/Erth      1%         N/A       54%         2
 Manifold Assault         Tloc           9%         N/A       77%         4
 Passage of Golubria      Tloc           9%         N/A       77%         4
 Ozocubu's Armour         Ice            2%         N/A       78%         3
 Swiftness                Air            2%         N/A       78%         3
 Vampiric Draining        Necr           2%         2d6       78%         3
 Yara's Violent Unravell  Hex/Tmut       6%         3d5       91%         5
 Airstrike                Air            1%         2d(1-17)  99%         4
 Ozocubu's Refrigeration  Ice            1%         4d7       100%        7
 Tukima's Dance           Hex            Unusable   N/A       N/A         3
 Summon Guardian Golem    Hex/Summ       Unusable   N/A       N/A         3
 Summon Small Mammal      Summ           Unusable   N/A       N/A         1
 Call Canine Familiar     Summ           Unusable   N/A       N/A         3

Dungeon Overview and Level Annotations

Branches:
Dungeon (9/15)             Temple (1/1) D:7            Lair (2/5) D:8
    Orc (0/2) D:9         Gauntlet (1/1)
  Swamp: Lair:2-3    Shoals: Lair:2-3     Snake: Lair:2-3    Spider: Lair:2-3

Altars:
Ashenzari
Cheibriados
Dithmenos
Elyvilon
Fedhas
Hepliaklqana
Kikubaaqudgha
Makhleb
Nemelex Xobeh
Okawaru
Qazlal
Ru
Sif Muna
Trog
Uskayaw
Vehumet
Xom
Yredelemnul
The Shining One

Shops:
D:4 *

Annotations:
D:2 exclusion: downstairs
D:3 Grinder, Sigmund
D:5 exclusion: orc priest
D:6 exclusion: downstairs
D:8 1 runed translucent door Gauntlet 9 transporters, 5 runed translucent doors


Innate Abilities, Weirdness & Mutations

You are very small and have problems with some larger weapons.
You are too small for most types of armour.
You have supernaturally acute eyesight. (SInv)
You cover ground extremely quickly. (Speed+++)


Message History

* * * LOW HITPOINT WARNING * * *
You feel drained.
* * * LOW HITPOINT WARNING * * *
The spectral redback misses you.
Okay, then.
Casting: Blink (safe; 19% risk of failure)
Confirm with . or Enter, or press ? or * to list all spells.
Okay, then.
Casting: Blink (safe; 19% risk of failure)
Confirm with . or Enter, or press ? or * to list all spells.
You blink.
The spectral redback fails to trigger a net trap.
The spectral wolf spider is attracted toward you.
The spectral redback is attracted toward you.
Really fly into that dispersal trap?
You enter a dispersal trap!
The spectral redback blinks!
You blink.
The spectral wolf spider misses you.
The spectral wolf spider barely misses you.
Casting: Blink (safe; 19% risk of failure)
Confirm with . or Enter, or press ? or * to list all spells.
You are still too unstable to blink.
Casting: Blink (safe; 19% risk of failure)
Confirm with . or Enter, or press ? or * to list all spells.
Okay, then.
The spectral redback bites you.
* * * LOW HITPOINT WARNING * * *
You feel drained.
* * * LOW HITPOINT WARNING * * *
The spectral wolf spider hits you!
* * * LOW HITPOINT WARNING * * *
You feel drained.
* * * LOW HITPOINT WARNING * * *
The spectral wolf spider bites you but does no damage.
You feel better.
The spectral redback completely misses you.
The spectral wolf spider barely misses you. x2
The spectral redback barely misses you. The spectral wolf spider hits you!
* * * LOW HITPOINT WARNING * * *
You feel drained.
You die...

.###########.....#.©.#.....≈#
....#.©.#....8...#.8.#...8.##
....#...#........#.©.#.....§##
....#.©.#.....###########...≈#
..#########...#..#.##..##...##
..###3..###...###..#.####...≈#
..###*..###...##.##.##.##...##
..#3.+##..#...#Z^..#..P.#...≈#
8.#3.#©#..#.8.##@###©####.8.##
..#..##+[.#...#.Z.####.^#...§#
..###.!)###...##.####..##...##
..####©####...#..##.#.###...≈#
..#########...##§."©k#^##...##
..............###########...≈#
8.....8.....8...............##
................§.§8......8.≈#
#≈#########§#...§§.§.§......##


You could see a death drake, a spectral wolf spider and a spectral redback.

Vanquished Creatures
  Erica (Lair:1)
  A black mamba (Lair:1)
  2 cane toads (Lair:1)
  A kobold demonologist (D:7)
  A rime drake (Lair:1)
  A komodo dragon (Lair:1)
  2 blink frogs (Lair:2)
  A vampire (D:9)
  4 yaks
  A basilisk (Lair:1)
  Grum (D:9)
  2 acid dragons
  7 water moccasins
  A black bear (Lair:1)
  3 orc warriors (D:9)
  7 wolves
  4 centaurs
  A phantom (D:4)
  7 bullfrogs
  A kobold brigand (D:9)
  3 scorpions (D:5)
  4 wights (D:7)
  2 electric eels (Lair:1)
  2 howler monkeys
  4 hounds
  2 jellies
  2 orc priests (D:9)
  2 iguanas
  6 hell rats (Lair:1)
  Natasha (D:3)
  A sleepcap (D:7)
  9 orc wizards
  4 adders
  2 gnolls (D:2)
  2 white imps
  2 ufetubi
  3 worms
  2 dart slugs
  19 orcs
  5 bats
  4 endoplasms
  A giant cockroach (D:1)
  5 goblins
  2 hobgoblins
  4 jackals (D:2)
  7 quokkas
  9 ball pythons
  3 frilled lizards
  9 kobolds
  4 rats
174 creatures vanquished.

Notes
Turn   | Place    | Note
-------+----------+-------------------------------------------
     0 | D:1      | dinky3 the Spriggan Brigand began the quest for the Orb.
     0 | D:1      | Reached XP level 1. HP: 10/10 MP: 2/2
   160 | D:1      | Reached XP level 2. HP: 10/15 MP: 3/3
   630 | D:2      | Reached XP level 3. HP: 18/18 MP: 4/4
   830 | D:2      | Found a faded altar of an unknown god.
   977 | D:2      | Learned a level 2 spell: Blink
  1252 | D:2      | Identified the +6 ring mail "Jalozoq" {Dex+3}
  1445 | D:2      | Reached XP level 4. HP: 18/23 MP: 5/5
  1499 | D:3      | Noticed Grinder
  1613 | D:3      | Noticed Natasha
  1662 | D:3      | Killed Natasha
  1663 | D:3      | Reached skill level 1 in Translocations
  1760 | D:3      | Noticed Sigmund
  2004 | D:4      | Noticed a phantom
  2032 | D:4      | Reached XP level 5. HP: 27/27 MP: 6/6
  2362 | D:4      | Found Nutyif's Assorted Antiques.
  2482 | D:4      | Bought a scroll of identify for 36 gold pieces
  2482 | D:4      | Bought a scroll labelled DIPTAEP BASMOKH for 18 gold pieces
  2482 | D:4      | Bought a copper ring for 90 gold pieces
  2482 | D:4      | Bought a bubbling grey potion for 16 gold pieces
  2583 | D:5      | Entered Level 5 of the Dungeon
  2683 | D:5      | Reached skill level 6 in Stealth
  2781 | D:5      | Reached skill level 5 in Short Blades
  2813 | D:5      | Reached XP level 6. HP: 31/32 MP: 7/7
  2816 | D:5      | Reached skill level 7 in Stealth
  3154 | D:5      | Reached skill level 8 in Stealth
  3528 | D:5      | Reached XP level 7. HP: 32/37 MP: 8/8
  3850 | D:6      | Reached skill level 9 in Stealth
  3991 | D:6      | Learned a level 3 spell: Confusing Touch
  4078 | D:6      | Reached skill level 1 in Spellcasting
  4423 | D:4      | Bought a scroll of identify for 36 gold pieces
  4597 | D:7      | Noticed a kobold demonologist
  4601 | D:7      | Killed a kobold demonologist
  4602 | D:7      | Reached skill level 5 in Fighting
  4602 | D:7      | Reached skill level 10 in Stealth
  4602 | D:7      | Reached XP level 8. HP: 43/43 MP: 10/13
  4785 | D:7      | Reached skill level 1 in Hexes
  5046 | D:7      | Found a staircase to the Ecumenical Temple.
  5197 | Temple   | Entered the Ecumenical Temple
  5201 | Temple   | Became a worshipper of Warmaster Okawaru
  5263 | D:7      | Reached skill level 11 in Stealth
  5353 | D:7      | Noticed a white ugly thing
  5362 | D:7      | HP: 2/43 [poisoned by a green ugly thing]
  5451 | D:8      | Noticed a death yak
  5576 | D:8      | Found a runed translucent door.
  5694 | D:8      | Found a staircase to the Lair.
  5698 | D:8      | Noticed a death yak
  5787 | D:7      | Reached * piety under Okawaru
  5887 | D:8      | Noticed a death yak
  6007 | D:9      | Reached XP level 9. HP: 43/47 MP: 14/14
  6143 | D:9      | Found a staircase to the Orcish Mines.
  6160 | D:9      | Reached skill level 5 in Hexes
  6262 | D:9      | Found a glowing golden altar of the Shining One.
  6264 | D:9      | Reached skill level 1 in Invocations
  6264 | D:9      | Found a radiant altar of Vehumet.
  6265 | D:9      | Found a shimmering altar of Xom.
  6265 | D:9      | Found a white marble altar of Elyvilon.
  6316 | D:9      | Reached ** piety under Okawaru
  6650 | D:9      | Noticed Grum
  6661 | D:9      | Reached skill level 5 in Dodging
  6668 | D:9      | Killed Grum
  6804 | Lair:1   | Entered Level 1 of the Lair of Beasts
  6804 | Lair:1   | Noticed Erica
  6809 | Lair:1   | Killed Erica
  6809 | Lair:1   | Reached *** piety under Okawaru
  6810 | Lair:1   | Reached XP level 10. HP: 51/51 MP: 15/15
  6883 | Lair:1   | Noticed a cane toad
  6899 | Lair:1   | Killed a cane toad
  7310 | Lair:1   | Reached **** piety under Okawaru
  7311 | Lair:1   | Reached skill level 10 in Short Blades
  7347 | Lair:1   | Noticed a cane toad
  7349 | Lair:1   | Noticed a black mamba
  7357 | Lair:1   | Killed a black mamba
  7369 | Lair:1   | Killed a cane toad
  7779 | Lair:2   | Noticed an eight-headed hydra
  7779 | Lair:2   | Noticed a torpor snail
  7782 | Lair:2   | Noticed a four-headed hydra
  7787 | Lair:2   | Found a gate leading to a gauntlet.
  7830 | Lair:2   | Reached XP level 11. HP: 39/56 MP: 13/17
  7845 | Gauntlet | Entered a Gauntlet
  7845 | Gauntlet | Noticed a hell beast
  7845 | Gauntlet | Found a transporter.
  7860 | Gauntlet | Found a transporter.
  7875 | Gauntlet | Found a transporter.
  7879 | Gauntlet | Found a transporter.
  7887 | Gauntlet | Noticed a death drake
  7888 | Gauntlet | Found the ring of the Tortoise {AC+8}
  7889 | Gauntlet | Found a transporter.
  7908 | Gauntlet | Found a runed translucent door.
  7909 | Gauntlet | Found a transporter.
  7909 | Gauntlet | Noticed a wretched star
  7913 | Gauntlet | Found a transporter.
  7917 | Gauntlet | Found a transporter.
  7921 | Gauntlet | Noticed a large abomination
  7926 | Gauntlet | Found a runed translucent door.
  7946 | Gauntlet | Found a transporter.
  7949 | Gauntlet | Noticed a dire elephant
  7954 | Gauntlet | Found a transporter.
  7954 | Gauntlet | Found a transporter.
  7956 | Gauntlet | Found a runed translucent gate.
  7956 | Gauntlet | Found a runed translucent gate.
  7962 | Gauntlet | Found a transporter.
  7970 | Gauntlet | Noticed a wolf spider
  7972 | Gauntlet | Found a runed translucent gate.
  8110 | Gauntlet | HP: 1/56 [poisoned by a death drake (dark miasma)]
  8120 | Gauntlet | HP: 1/49 [spectral wolf spider (10)]
  8120 | Gauntlet | Slain by a spectral wolf spider

Illustrated notes

Levels and vault maps discovered:
D:1:      minmay_arrival_jagged, layout_rooms,
          amcnicky_mini_rare_corridor_liquid
D:2:      layout_basic, hellmonk_ecumenical_altar_lost_god
D:3:      layout_rooms, uniq_grinder, uniq_sigmund, uniq_robin, uniq_natasha
D:4:      layout_basic, serial_shops, nicolae_shop_stone
D:5:      layout_basic, kennysheep_opposing_triangles
D:6:      layout_gridville, hangedman_decor_slide_cut
D:7:      cheibrodos_barr_body, layout_basic, temple_green,
          nicolae_houndstooth_variations
D:8:      cheibrodos_histonic, layout_rooms, dpeg_lair_monsters
D:9:      layout_basic, mainiacjoe_overflow_alcove_3, david_orc_2, minmay_holes,
          uniq_grum
Temple:   hellmonk_temple_two_chambers
Lair:1:   layout_gridlike, uniq_erica
Lair:2:   layout_small_grid, gauntlet_entry_generic,
          chequers_serial_rivers_micro_d, st_stairs_8, minmay_hedge_maze,
          uniq_gastronok
Gauntlet: minmay_gauntlet_mixed_oops_all_seconds
          [minmay_gauntlet_arena_77_radiant_squares,
          gammafunk_gauntlet_arena_split_diamond,
          minmay_gauntlet_arena_77_run_for_it, gammafunk_gauntlet_arena_mazey,
          minmay_gauntlet_arena_77_cramped, gammafunk_gauntlet_arena_chambers,
          gauntlet_exit_hidden_loot]

Skill      XL: |  1  2  3  4  5  6  7  8  9 10 |
---------------+-------------------------------+-----
Short Blades   | 3 4 5 6 7 10 | 10.7
Fighting       | 2 3 4 5 |  5.5
Translocations | 1 2 3 |  3.0
Stealth        | 6 8 10 11 | 11.6
Spellcasting   | 3 |  3.9
Hexes          | 4 6 8 |  8.3
Dodging        | 2 6 |  6.6
Invocations    | 3 4 |  4.5
Throwing       | |  2.0

Action                     |  1- 3 |  4- 6 |  7- 9 | 10-12 || total
---------------------------+-------+-------+-------+-------++-------
  Melee: Dagger            |   112 |    80 |   215 |   149 ||   556
         Punch             |     2 |       |     9 |     2 ||    13
  Throw: Dart              |    19 |     5 |     7 |     5 ||    36
   Cast: Confusing Touch   |       |       |     2 |     9 ||    11
         Blink             |       |       |       |     3 ||     3
 Invoke: Heroism           |       |       |     2 |     4 ||     6
  Evoke: Wand              |     1 |     1 |     2 |     4 ||     8
    Use: Scroll            |     1 |     8 |     6 |     2 ||    17
         Potion            |       |       |     2 |     5 ||     7
   Stab: Sleeping          |    13 |     7 |    13 |     1 ||    34
         Distracted        |     1 |     1 |     1 |       ||     3
         Paralysed         |       |       |     1 |       ||     1
         Confused          |       |       |       |     9 ||     9
 Armour: Robe              |    22 |    23 |    20 |       ||    65
         Acid dragon scale |       |       |    37 |    52 ||    89
  Dodge: Dodged            |    50 |    34 |   125 |   106 ||   315
  Block: Other             |    14 |    17 |    14 |       ||    45
         Reflection        |       |     2 |       |       ||     2

Table legend: (Time is in decaauts)
 A = Elapsed time spent in this place.
 B = Non-inter-level travel time spent in this place.
 C = Inter-level travel time spent in this place.
 D = Time resting spent in this place.
 E = Time spent auto-exploring this place.
 F = Levels seen in this place.
 G = Mean time per level.
                   A        B        C        D        E       F      G
               +--------+--------+--------+--------+--------+-----+--------+
         Total |   5400 |   5079 |    321 |    256 |   3397 |  13 |  415.4 |
       Dungeon |   4504 |   4191 |    313 |    191 |   2829 |   9 |  500.4 |
        Temple |      6 |      3 |      3 |      0 |      0 |   1 |    6.0 |
          Lair |    703 |    699 |      4 |     48 |    463 |   2 |  351.5 |
      Gauntlet |    186 |    186 |      0 |     17 |    105 |   1 |  186.0 |
               +--------+--------+--------+--------+--------+-----+--------+

Top non-repeatable levels by time:
     D:5: 863 daAuts
  Lair:1: 663 daAuts
     D:7: 626 daAuts
     D:2: 613 daAuts
     D:4: 561 daAuts
     D:9: 474 daAuts
     D:1: 412 daAuts
     D:8: 394 daAuts
     D:6: 359 daAuts
     D:3: 200 daAuts
Gauntlet: 186 daAuts
  Lair:2: 40 daAuts
  Temple: 6 daAuts
